 Dungeon Crawl Stone Soup version 0.32-a0-422-g28b100f618 (webtiles) character file.

Game seed: 9964260751601935992

167 zenocrate the Insei (level 5, 41/41 HPs)
             Began as a Demonspawn Delver on Feb 22, 2024.
             Quit the game on level 3 of the Dungeon.
             The game lasted 00:03:33 (2737 turns).

zenocrate the Insei (Demonspawn Delver)             Turns: 2737, Time: 00:03:34

Health: 41/41      AC: 10    Str: 14    XL:     5   Next: 23%
Magic:  5/5        EV:  6    Int: 10    God:
Gold:   126        SH:  0    Dex: 15    Spells: 4/4 levels left

rFire   . .          .
                       - Unarmed
rCold   . . .        (no shield)
rNeg    . . .        d - +0 plate armour
rPois   .            (no helmet)
rElec   .            (no cloak)
rCorr   .            (no gloves)
SInv    .            (no boots)
Will    .....        (no amulet) Stlth
                     (no ring)
HPRegen 0.26/turn    (no ring)
MPRegen 0.09/turn

%: no passive effects
@: no status effects
A: repulsion field 1, powered by pain 1
a: no special abilities


You were on level 3 of the Dungeon.
You visited 1 branch of the dungeon, and saw 5 of its levels.

You collected 126 gold pieces.

Inventory:

Armour
 d - a +0 plate armour (worn)
Wands
 f - a wand of digging (3)
Scrolls
 b - a scroll of fog
 c - a scroll of revelation
 e - a scroll of fear
 j - a scroll of noise {unknown}
 k - 2 scrolls of identify {unknown}
 l - a scroll of teleportation {unknown}
 m - a scroll of enchant armour {unknown}
Potions
 a - a potion of enlightenment {unknown}
 g - 2 potions of berserk rage {unknown}
 h - a potion of ambrosia {unknown}
 i - 2 potions of degeneration {unknown}
 n - a potion of curing {unknown}


   Skills:
 - Level 3.0 Fighting
 - Level 1.7 Dodging
 - Level 4.5 Stealth
 * Level 5.0 Unarmed Combat


You had 4 spell levels left.
You didn't know any spells.
Your spell library was empty.

Dungeon Overview and Level Annotations

Branches:
Dungeon (5/15)             Temple (0/1) D:4

Altars:
Gozag

Annotations:
D:5 Grinder


Innate Abilities, Weirdness & Mutations

You are surrounded by a mild repulsion field. (EV +2)
You sometimes gain a little power by taking damage.


Message History

You see here a throwing net.
You are held in a net!
You struggle against the net.
The gnoll hits you from afar with a +0 spear.
You are held in a net!
You struggle against the net.
The gnoll hits you but does no damage.
You are held in a net!
You shred the net and break free!
The gnoll hits you from afar with a +0 spear.
Unknown command.
The gnoll hits you but does no damage.
You barely miss the gnoll. Your punch misses the gnoll.
The gnoll hits you with a +0 spear!
You closely miss the gnoll. The gnoll hits you but does no damage.
You hit the gnoll. You punch the gnoll.
The gnoll is severely wounded.
The gnoll hits you but does no damage.
You barely miss the gnoll.
The gnoll is severely wounded.
The gnoll hits you with a +0 spear!
You punch the gnoll!
You kill the gnoll!
Your Unarmed Combat skill increases to level 5!
You see here a +0 spear.
No target in view!
Key pressed, stopping explore.
No target in view!
No target in view!
k - 2 scrolls labelled KOWURPH UFUD (gained 1)
You now have 126 gold pieces (gained 9).
Key pressed, stopping explore.
No target in view!
Found a stone staircase leading down.
No target in view!
Found 12 stones.
No target in view!
You see here 5 stones.
A frilled lizard comes into view.
The frilled lizard hisses angrily.
Are you sure you want to abandon this character and quit the game? (Confirm with "yes".)

.# #.# .# #.#
## #.## . #
..# .. # #.#
.# # #.# .. #
#.##.# #
#l...#
######@.# ..#
#.(....## .).
#.####.# ..#
#.# #.#
.###### ##.#
#.#
.......###..#
#.# .##
#.....## #.#
.#
###..######(#
.#
#.......>..


You could see a frilled lizard.

Vanquished Creatures
  4 gnolls
  2 adders
  An adder skeleton (D:5)
  4 dart slugs
  5 ball pythons
  8 endoplasms
  3 giant cockroaches
  7 goblins
  2 hobgoblins
  7 jackals
  2 kobolds
  3 quokkas
  3 bats
  2 frilled lizards (D:1)
  3 rats
56 creatures vanquished.

Notes
Turn   | Place    | Note
-------+----------+-------------------------------------------
     0 | D:5      | zenocrate the Demonspawn Delver began the quest for the
                  | Orb.
     0 | D:5      | Reached XP level 1. HP: 18/18 MP: 1/1
    22 | D:5      | Reached skill level 2 in Unarmed Combat
    52 | D:5      | Noticed a yak
    52 | D:5      | Noticed a yak
    52 | D:5      | Noticed a yak
    52 | D:5      | Noticed a yak
    52 | D:5      | Noticed a yak
    52 | D:5      | Noticed a yak
    65 | D:5      | Noticed Grinder
    65 | D:5      | Noticed an orc wizard
    94 | D:5      | Noticed a water moccasin
    95 | D:5      | Noticed a phantom
    97 | D:5      | Noticed a water moccasin zombie
    99 | D:5      | Noticed a phantom
   106 | D:4      | Found a staircase to the Ecumenical Temple.
   106 | D:4      | Noticed an ogre
   255 | D:1      | Gained mutation: You are surrounded by a mild repulsion
                  | field. (EV +2) [demonic ancestry]
   255 | D:1      | Reached XP level 2. HP: 24/24 MP: 2/2
   433 | D:1      | Reached skill level 3 in Unarmed Combat
   558 | D:1      | Reached XP level 3. HP: 24/29 MP: 3/3
  1204 | D:2      | Reached skill level 4 in Unarmed Combat
  1204 | D:2      | Reached XP level 4. HP: 34/35 MP: 4/4
  1495 | D:2      | Found an opulent altar of Gozag.
  1583 | D:2      | Found a faded altar of an unknown god.
  2574 | D:3      | Gained mutation: You sometimes gain a little power by
                  | taking damage. [demonic ancestry]
  2574 | D:3      | Reached XP level 5. HP: 39/41 MP: 5/5
  2625 | D:3      | Reached skill level 5 in Unarmed Combat
  2737 | D:3      | Quit the game

Illustrated notes

Levels and vault maps discovered:
D:1:      saegor_arrival_simple_b, layout_loops_ring
D:2:      kennysheep_big_flooded_room, layout_basic,
          hellmonk_ecumenical_altar_leap_of_faith, basic_altar
D:3:      layout_rooms
D:4:      layout_loops_ring, minmay_temple_entry_sparse_star,
          portal_sewer_entry_e, chequers_serial_rivers_micro_c, hex_large
D:5:      layout_loops_corners, kennysheep_mini_moat, serial_undead,
          serial_undead_e, serial_undead_f, serial_undead_e, serial_undead_f,
          serial_undead_a, serial_undead_f, serial_undead_b, uniq_grinder,
          uniq_menkaure

Skill      XL: |  1  2  3  4  5 |
---------------+----------------+-----
Unarmed Combat | 2 3 4 5 |  5.0
Fighting       | |  3.0
Dodging        | |  1.7
Stealth        | |  4.5

Action                     |  1- 3 |  4- 6 || total
---------------------------+-------+-------++-------
  Melee: Unarmed           |   129 |   111 ||   240
         Punch             |     4 |     4 ||     8
    Use: Scroll            |     1 |     1 ||     2
         Potion            |     1 |       ||     1
   Stab: Sleeping          |     6 |       ||     6
 Armour: Leather armour    |    54 |       ||    54
         Plate armour      |    27 |   103 ||   130
  Dodge: Dodged            |    75 |    33 ||   108

Table legend: (Time is in decaauts)
 A = Elapsed time spent in this place.
 B = Non-inter-level travel time spent in this place.
 C = Inter-level travel time spent in this place.
 D = Time resting spent in this place.
 E = Time spent auto-exploring this place.
 F = Levels seen in this place.
 G = Mean time per level.
                   A        B        C        D        E       F      G
               +--------+--------+--------+--------+--------+-----+--------+
         Total |   2702 |   2620 |     82 |     20 |   1939 |   5 |  540.4 |
       Dungeon |   2702 |   2620 |     82 |     20 |   1939 |   5 |  540.4 |
               +--------+--------+--------+--------+--------+-----+--------+

Top non-repeatable levels by time:
     D:2: 1131 daAuts
     D:1: 867 daAuts
     D:3: 580 daAuts
     D:5: 101 daAuts
     D:4: 22 daAuts
